 Dungeon Crawl Stone Soup version 0.20.1-1-g8b1a95d (webtiles) character file.

3148 Andry07 the Fighter (level 9, -16/68 HPs)
             Began as a Gargoyle Fighter on Oct 4, 2017.
             Was a Believer of Okawaru.
             Demolished by a two-headed ogre
             ... wielding a +0 giant spiked club
              (18 damage)
             ... on level 9 of the Dungeon.
             The game lasted 00:20:03 (8057 turns).

Andry07 the Fighter (Gargoyle Fighter)              Turns: 8057, Time: 00:20:05

Health: -16/68     AC: 13    Str: 23    XL:     9   Next: 93%
Magic:  9/9        EV:  7    Int:  8    God:    Okawaru [**....]
Gold:   375        SH:  9    Dex: 10    Spells: 8/8 levels left

rFire    + . .     SeeInvis +   j - +3 mace "Fepras" {venom, MR+} (curse)
rCold    . . .     Gourm    +   c - +0 shield
rNeg     + . .     Faith    .   b - +0 scale mail
rPois    ∞         Spirit   .   (no helmet)
rElec    +         Reflect  .   a - +0 cloak
rCorr    .         Harm     .   (no gloves)
MR       +....                  (no boots)
Stlth    ..........             z - amulet of the gourmand
Regen    0.3/turn               x - ring of protection from fire
MPRegen  0.2/turn               t - ring of see invisible

@: no status effects
A: negative energy resistance 1, electricity resistance, unbreathing,
petrification resistance, rot immunity, AC +5
a: Heroism, Renounce Religion


You were on level 9 of the Dungeon.
You worshipped Okawaru.
Okawaru was pleased with you.
You were completely stuffed.

You visited 2 branches of the dungeon, and saw 10 of its levels.

You collected 375 gold pieces.

Inventory:

Hand Weapons
 j - the cursed +3 mace "Fepras" (weapon) {venom, MR+}
   (You found it on level 5 of the Dungeon)

   It poisons the flesh of those it strikes.
   It affects your resistance to hostile enchantments.
   It has a curse placed upon it.
Missiles
 i - 2 tomahawks of dispersal (quivered)
Armour
 a - a +0 cloak (worn)
 b - a +0 scale mail (worn)
 c - a +0 shield (worn)
Jewellery
 t - a ring of see invisible (right hand)
 x - a ring of protection from fire (left hand)
 z - an amulet of the gourmand (around neck)
Wands
 r - a wand of confusion (35/48)
 I - a wand of disintegration (9/24)
Scrolls
 e - 3 scrolls of enchant weapon
 g - 2 scrolls of enchant armour {unknown}
 h - 3 scrolls of identify
 k - 3 scrolls of remove curse
 m - 6 scrolls of teleportation
 n - a scroll of immolation {unknown}
 o - 2 scrolls of amnesia {unknown}
 v - a scroll of recharging {unknown}
 y - a scroll of random uselessness {unknown}
 C - a scroll of magic mapping {unknown}
 H - a scroll of torment {unknown}
Potions
 d - a potion of might
 l - a potion of lignification
 p - a potion of berserk rage
 q - a potion of resistance
 u - 2 potions of curing
 A - a potion of haste {unknown}
 B - a potion of cancellation {unknown}
 D - a potion of heal wounds {unknown}
 E - 2 potions of invisibility {unknown}
Comestibles
 f - 2 bread rations
 s - 4 fruits
 w - 6 meat rations
 F - a royal jelly


   Skills:
 - Level 13.1 Fighting
 + Level 6.3 Maces & Flails
 - Level 3.2 Armour
 - Level 3.4 Shields


You had 8 spell levels left.
You didn't know any spells.

Dungeon Overview and Level Annotations

Branches:
Dungeon (9/15)             Temple (1/1) D:7
   Lair: D:8-11         Orc: D:9-12

Altars:
Ashenzari
Cheibriados
Dithmenos
Elyvilon
Fedhas
Gozag
Hepliaklqana
Kikubaaqudgha
Makhleb
Nemelex Xobeh
Okawaru
Ru
Sif Muna
Trog
Vehumet
Xom
Yredelemnul
The Shining One

Annotations:
D:2 1 exclusion
D:8 Rurstahk's ghost, novice DrFi


Innate Abilities, Weirdness & Mutations

You are resistant to torment.
Your stone body is resilient. (AC +5)
You are immune to poison.
You resist negative energy. (rN+)
You are resistant to electric shocks. (rElec)
You can survive without breathing.
You are immune to petrification.
You are immune to rotting.


Message History

You see here a war axe.
The two-headed ogre looks more healthy.
You hit the two-headed ogre.
The two-headed ogre is poisoned.
The two-headed ogre is heavily wounded.
The two-headed ogre hits you with a giant spiked club.
The two-headed ogre hits you with a giant club.
* * * LOW HITPOINT WARNING * * *
You sock the two-headed ogre!
The two-headed ogre is severely wounded.
The two-headed ogre closely misses you. You block the two-headed ogre's attack.
You hit the two-headed ogre.
The two-headed ogre looks as sick as possible!
The two-headed ogre is severely wounded.
You hit the two-headed ogre.
The two-headed ogre looks as sick as possible!
The two-headed ogre is almost dead.
The two-headed ogre hits you with a giant spiked club!
* * * LOW HITPOINT WARNING * * *
The two-headed ogre hits you with a giant club!!
You die...

#. #. ##### #h ...#
#.
#####.#############.
#...h...............
#.###.##############
#.#<#... #h#@#####
#.#.Oh..# #.#####.#
#...h...# #.#####.#
#.# #.# ### ###


You could see a two-headed ogre and a hound.

Vanquished Creatures
  Maurice (D:9)
  5 yaks (D:9)
  The ghost of matthes123 the Poker, an amateur MfGl (D:3)
  2 orc warriors
  3 ogres
  A centaur (D:6)
  3 bullfrogs
  A water moccasin skeleton (D:7)
  A howler monkey (D:5)
  2 crimson imps
  A centaur zombie (D:7)
  A centaur skeleton (D:4)
  6 hounds
  7 orc priests
  2 jellies
  5 orc wizards
  Crazy Yiuf (D:5)
  6 worker ants
  A hound skeleton (D:7)
  A worker ant zombie (D:5)
  7 adders
  A gnoll (D:1)
  4 shadow imps
  4 adder skeletons
  A worm (D:4)
  6 dart slugs
  2 leopard geckos
  27 orcs
  2 ball pythons
  6 bats
  2 giant cockroaches
  9 goblins
  17 hobgoblins
  7 jackals
  6 kobolds
  5 quokkas
  5 frilled lizards
  A jackal skeleton (D:5)
  A jackal zombie (D:6)
  9 rats
173 creatures vanquished.

Notes
Turn   | Place    | Note
-------+----------+-------------------------------------------
     0 | D:1      | Andry07 the Gargoyle Fighter began the quest for the Orb.
     0 | D:1      | Reached XP level 1. HP: 14/14 MP: 1/1
   118 | D:1      | Reached skill level 4 in Fighting
   118 | D:1      | Reached XP level 2. HP: 20/20 MP: 2/2
   293 | D:1      | Reached XP level 3. HP: 21/24 MP: 3/3
   758 | D:2      | Reached skill level 5 in Fighting
   767 | D:2      | Reached XP level 4. HP: 31/31 MP: 4/4
   858 | D:2      | Found a bloodstained altar of Trog.
  1274 | D:2      | Found a deep blue altar of Sif Muna.
  1275 | D:2      | Found an opulent altar of Gozag.
  1667 | D:2      | Reached skill level 6 in Fighting
  1667 | D:2      | Reached XP level 5. HP: 36/36 MP: 5/5
  2113 | D:3      | Noticed matthes123's ghost (amateur MfGl)
  2125 | D:3      | Killed matthes123's ghost
  2125 | D:3      | Reached skill level 7 in Fighting
  2125 | D:3      | Reached XP level 6. HP: 3/44 MP: 6/6
  2843 | D:4      | Reached skill level 8 in Fighting
  2933 | D:4      | Reached XP level 7. HP: 42/50 MP: 7/7
  3414 | D:5      | Entered Level 5 of the Dungeon
  3566 | D:5      | Found a white marble altar of Elyvilon.
  3641 | D:5      | Reached skill level 9 in Fighting
  3773 | D:5      | Found a runed door.
  4142 | D:6      | Reached skill level 10 in Fighting
  4142 | D:6      | Reached XP level 8. HP: 15/57 MP: 8/8
  4654 | D:5      | Found a basalt altar of Yredelemnul.
  4848 | D:5      | Noticed Crazy Yiuf
  4854 | D:5      | Killed Crazy Yiuf
  4859 | D:5      | Got a transparent mace
  4860 | D:5      | Identified the cursed +3 mace "Fepras" {venom, MR+} (You found it on level 5 of the Dungeon)
  4942 | D:6      | Reached skill level 11 in Fighting
  5656 | D:7      | Found a staircase to the Ecumenical Temple.
  5688 | Temple   | Entered the Ecumenical Temple
  5694 | Temple   | Became a worshipper of Warmaster Okawaru
  5913 | D:7      | Found a sacrificial altar of Ru.
  6116 | D:7      | Reached skill level 12 in Fighting
  6164 | D:7      | Reached XP level 9. HP: 60/65 MP: 9/9
  6592 | D:8      | Noticed Rurstahk's ghost (novice DrFi)
  7163 | D:8      | Reached * piety under Okawaru
  7713 | D:9      | Reached skill level 13 in Fighting
  7721 | D:9      | Noticed Maurice
  7757 | D:9      | Killed Maurice
  7768 | D:9      | Reached skill level 5 in Maces & Flails
  7777 | D:9      | Reached ** piety under Okawaru
  7958 | D:9      | Noticed a two-headed ogre
  8057 | D:9      | HP: 2/68 [two-headed ogre/giant spiked club (16)]
  8057 | D:9      | Demolished by a two-headed ogre

Skill      XL: |  1  2  3  4  5  6  7  8  9 |
---------------+----------------------------+-----
Fighting       | 4 5 6 7 8 10 12 13 | 13.1
Maces & Flails | 6 |  6.3
Armour         | |  3.2
Shields        | |  3.4

Action                   |  1- 3 |  4- 6 |  7- 9 || total
-------------------------+-------+-------+-------++-------
Melee: Flail             |   105 |   255 |   218 ||   578
       Mace              |       |       |   231 ||   231
  Use: Scroll            |       |       |     7 ||     7
  Eat: Chunk             |       |     6 |    28 ||    34
       Fruit             |       |     1 |     1 ||     2
Armor: Scale mail        |    52 |   158 |   223 ||   433
Dodge: Dodged            |    38 |    85 |   112 ||   235
Block: Shield            |    60 |   159 |   236 ||   455
